 Dungeon Crawl Stone Soup version 0.28.0-62-gf88900778d (webtiles) character file.

Game seed: 12081064614871332327

14322 cbfl8 the Cleaver (level 11, -11/75 HPs)
             Began as a Demonspawn Fighter on Mar 18, 2024.
             Was a Priest of Hepliaklqana.
             Mangled by Frances
             ... wielding a +0 glaive
              (24 damage)
             ... on level 12 of the Dungeon.
             The game lasted 00:17:51 (17618 turns).

cbfl8 the Cleaver (Demonspawn Fighter)             Turns: 17618, Time: 00:17:52

Health: -11/75     AC: 16    Str: 17    XL:     11   Next: 87%
Magic:  11/11      EV: 12    Int: 10    God:    Hepliaklqana [***...]
Gold:   528        SH: 12    Dex: 24    Spells: 10/10 levels left

rFire   . . .      SeeInvis .   l - +4 war axe
rCold   . . .      Faith    +   D - +0 kite shield
rNeg    . . .      Spirit   .   x - +5 scale mail of Nice Mirth {Rampage}
rPois   .          Reflect  .   (no helmet)
rElec   .          Harm     .   r - scarf {+Inv}
rCorr   .          Rampage  +   z - +0 pair of gloves
Will    .....                   (no boots)
Stlth   +.........              w - amulet of faith
HPRegen 0.22/turn               k - +4 ring of evasion
MPRegen 0.12/turn               n - +6 ring of dexterity

@: no status effects
A: reduced essence, hooves 2, thin metallic scales 1, ignite blood 2, agile 1
a: Renounce Religion, Evoke Invisibility, Recall Ancestor, Ancestor Identity,
Transference


You were on level 12 of the Dungeon.
You worshipped Hepliaklqana.
Hepliaklqana was most pleased with you.
You visited 2 branches of the dungeon, and saw 13 of its levels.

You collected 654 gold pieces.
You spent 126 gold pieces at shops.

Inventory:

Hand Weapons
 a - a +0 war axe
 l - a +4 war axe (weapon)
Missiles
 h - a throwing net
Armour
 r - a scarf of invisibility (worn)
 x - the +5 scale mail of Nice Mirth (worn) {Rampage}
   (You found it on level 5 of the Dungeon)

   Rampage:   It bestows one free step when moving towards enemies.
 z - a +0 pair of gloves (worn)
 D - a +0 kite shield (worn)
Jewellery
 k - a +4 ring of evasion (left hand)
 n - a +6 ring of dexterity (right hand)
 w - an amulet of faith (around neck)
Wands
 b - a wand of digging (9)
 g - a wand of paralysis (4) (quivered)
 v - a wand of flame (25)
 C - a wand of iceblast (6)
Scrolls
 c - a scroll of silence {unknown}
 d - a scroll of immolation
 e - a scroll of fog
 i - 4 scrolls of teleportation
 j - 3 scrolls of noise
 m - 2 scrolls of enchant armour
 p - 2 scrolls of brand weapon
 B - a scroll of enchant weapon {unknown}
Potions
 f - 3 potions of might
 o - a potion of invisibility
 q - a potion of cancellation {unknown}
 s - a potion of attraction {unknown}
 t - 2 potions of flight
 u - 2 potions of heal wounds
Miscellaneous
 A - a lightning rod (4/4)


   Skills:
 + Level 7.6 Fighting
 + Level 11.2 Axes
 + Level 7.8 Armour
 + Level 6.8 Shields
 * Level 8.7 Evocations


You had 10 spell levels left.
You didn't know any spells.
Your spell library contained the following spells:

 Spells                   Type           Power      Damage    Failure   Level
 Animate Skeleton         Necr           0%         N/A       96%         1
 Pain                     Necr           0%         1d4       96%         1
 Sandblast                Erth           0%         2d4       96%         1
 Shock                    Conj/Air       0%         1d3       96%         1
 Passwall                 Tmut/Erth      0%         N/A       99%         2
 Confusing Touch          Hex            0%         N/A       100%        3
 Stone Arrow              Conj/Erth      0%         3d7       100%        3
 Swiftness                Air            0%         N/A       100%        3
 Vampiric Draining        Necr           0%         2d6       100%        3
 Airstrike                Air            0%         N/A       100%        4
 Yara's Violent Unravell  Hex/Tmut       0%         3d3       100%        5
 Enfeeble                 Hex            0%         N/A       100%        7


Dungeon Overview and Level Annotations

Branches:
Dungeon (12/15)            Temple (1/1) D:7            Lair (0/6) D:9
    Orc (0/2) D:10

Altars:
Ashenzari
Elyvilon
Fedhas
Hepliaklqana
Qazlal
Wu Jian
Xom

Shops:
D:3 *   D:4 *

Annotations:
D:2 1 runed translucent door, Crazy Yiuf
D:12 Frances


Innate Abilities, Weirdness & Mutations

Your life essence is reduced to manifest your ancestor. (-10% HP)
You have hoof-like feet.
You are partially covered in thin metallic scales. (AC +2)
Your demonic aura often causes spilled blood to erupt in flames.
You are agile. (Dex +2)


Message History

Valentine hits Frances but does no damage.
The neqoxec hits you but does no damage.
You block Frances's attack.
Aiming: Paralyse
Press: ? - help, Q - select action, (/) - cycle Shift-Dir - straight line, f/p - Frances
Aim: Frances, wielding a +0 glaive and wearing a +2 ring mail of fire resistance (fast, ally target, chance to affect: 9%) Frances resists with almost no effort.
You block the chaos spawn's attack.
Valentine hits Frances with a +0 dagger of draining!
Frances chants phrases taken from a devil's mouth.
The shard of ice misses you. The neqoxec hits you.
Aiming: Paralyse
Press: ? - help, Q - select action, (/) - cycle Shift-Dir - straight line, f/p - Frances
Aim: Frances, wielding a +0 glaive and wearing a +2 ring mail of fire resistance (lightly wounded, fast, ally target, chance to affect: 9%) Frances resists with almost no effort.
Frances closely misses you.
The chaos spawn gores you but does no damage.
Valentine hits Frances but does no damage.
Valentine drains Frances.
You block the neqoxec's attack. You block Frances's attack.
Aiming: Paralyse
Press: ? - help, Q - select action, (/) - cycle Shift-Dir - straight line, f/p - Frances
Aim: Frances, wielding a +0 glaive and wearing a +2 ring mail of fire resistance (lightly wounded, fast, lightly drained, ally target, chance to affect: 13%) Frances resists with almost no effort.
You block the chaos spawn's attack.
Valentine hits Frances but does no damage.
Frances hits you with a +0 glaive!!
* * * LOW HITPOINT WARNING * * *
The neqoxec gestures at you.
Something tries to feed on your intellect!
Aiming: Paralyse
Press: ? - help, Q - select action, (/) - cycle Shift-Dir - straight line, f/p - Frances
Aim: Frances, wielding a +0 glaive and wearing a +2 ring mail of fire resistance (lightly wounded, fast, lightly drained, ally target, chance to affect: 13%) Frances resists with almost no effort.
Frances chants phrases taken from a devil's mouth.
The chaos spawn barely misses you.
Valentine closely misses Frances.
The neqoxec hits you!
* * * LOW HITPOINT WARNING * * *
Frances hits you with a +0 glaive!!
You die...

### #### #.#
.....###.#
......@R3#######
#.#..4@........
......4.........
.....#.#.#......
.###.#.#........
. ........... #
.####.#####..##.
#. .# #.^##.# .
.# #..# .. ##
#..# #.##


You could see the friendly Valentine the hexer, Frances (fast, drained, ally
target), a neqoxec (summoned), a chaos spawn (summoned) and a red devil
(summoned).

Vanquished Creatures
  2 two-headed ogres
  A guardian serpent (D:11)
  A kobold demonologist (D:12)
  2 unseen horrors
  A komodo dragon (D:11)
  2 trolls
  2 shadows
  Sigmund (D:2)
  A wraith (D:11)
  8 yaks (D:9)
  2 wyverns
  Grum (D:10)
  13 vampire mosquitoes
  A warg (D:9)
  2 water moccasins
  3 orc warriors
  A sky beast (D:8)
  A black bear (D:4)
  2 necrophages (D:6)
  4 wolves (D:10)
  A phantom (D:7)
  8 centaurs
  2 kobold brigands (D:7)
  A gnoll sergeant (D:10)
  5 bullfrogs
  A water moccasin zombie (D:5)
  2 scorpions
  12 killer bees
  3 howler monkeys
  13 wights
  2 bullfrog zombies
  7 centaur zombies
  6 orc priests
  A gnoll shaman (D:9)
  2 centaur skeletons (D:7)
  2 hounds
  4 jellies
  A bullfrog skeleton (D:6)
  4 iguanas
  Natasha (thrice) (D:2)
  5 orc wizards
  2 killer bee zombies (D:6)
  8 gnolls
  2 adders
  A white imp (D:6)
  4 worms
  4 dart slugs
  23 orcs
  3 bats
  7 endoplasms
  3 giant cockroaches
  7 goblins
  4 hobgoblins (D:1)
  6 jackals
  7 quokkas
  3 ball pythons
  3 frilled lizards
  15 kobolds
  6 rats
244 creatures vanquished.

Vanquished Creatures (collateral kills)
  An ugly thing (D:12)
  A cyclops (D:11)
  A yak (D:9)
  2 vampire mosquitoes
  A warg (D:9)
  A centaur (D:10)
  A centaur zombie (D:9)
  A gnoll (D:10)
  3 orcs (D:10)
12 creatures vanquished.

Vanquished Creatures (others)
  An ancestor (D:9)
  A hexer (D:10)
2 creatures vanquished.

Grand Total: 258 creatures vanquished

Notes
Turn   | Place    | Note
-------+----------+-------------------------------------------
     0 | D:1      | cbfl8 the Demonspawn Fighter began the quest for the Orb.
     0 | D:1      | Reached XP level 1. HP: 18/18 MP: 1/1
    25 | D:1      | You fall into a shaft and drop 1 floor!
   149 | D:2      | Gained mutation: You are partially covered in thin metallic
                  | scales. (AC +2) [demonic ancestry]
   149 | D:2      | Reached XP level 2. HP: 23/24 MP: 2/2
   293 | D:1      | Reached skill level 2 in Axes
   575 | D:1      | Reached skill level 1 in Evocations
   895 | D:1      | Reached XP level 3. HP: 29/29 MP: 3/3
  1364 | D:2      | Noticed Sigmund
  2154 | D:2      | Noticed Natasha
  2164 | D:2      | Killed Natasha
  2165 | D:2      | Gained mutation: Your demonic aura sometimes causes spilled
                  | blood to erupt in flames. [demonic ancestry]
  2165 | D:2      | Reached XP level 4. HP: 20/35 MP: 4/4
  2228 | D:2      | Killed Sigmund
  2229 | D:2      | Reached skill level 3 in Axes
  2229 | D:2      | Reached XP level 5. HP: 22/42 MP: 5/5
  2427 | D:2      | Noticed Natasha
  2439 | D:2      | Killed Natasha
  2440 | D:2      | Gained mutation: Your demonic aura often causes spilled
                  | blood to erupt in flames. [demonic ancestry]
  2440 | D:2      | Reached XP level 6. HP: 13/48 MP: 6/6
  2688 | D:2      | Noticed Natasha
  2692 | D:2      | Killed Natasha
  2850 | D:2      | Found a runed translucent door.
  2851 | D:2      | Noticed Crazy Yiuf
  3121 | D:3      | Reached skill level 4 in Axes
  3286 | D:3      | Found Ituw's General Store.
  3300 | D:3      | Bought a scroll of teleportation for 36 gold pieces
  3300 | D:3      | Bought a scroll of blinking for 90 gold pieces
  3902 | D:4      | Found Zauxt's CLEARANCE SALE!.
  4594 | D:5      | Entered Level 5 of the Dungeon
  4680 | D:5      | Reached XP level 7. HP: 9/54 MP: 7/7
  5371 | D:5      | Reached skill level 5 in Axes
  5544 | D:5      | Identified the +5 scale mail of Nice Mirth {Rampage}
  6356 | D:6      | Gained mutation: You are strong-willed. (Will+) [potion of
                  | mutation]
  6356 | D:6      | Gained mutation: You are frail. (-10% HP) [potion of
                  | mutation]
  6356 | D:6      | Gained mutation: You sometimes lose the ability to read
                  | scrolls when taking damage. [potion of mutation]
  6356 | D:6      | Lost mutation: You are frail. (-10% HP) [potion of
                  | mutation]
  6366 | D:6      | Lost mutation: You sometimes lose the ability to read
                  | scrolls when taking damage. [potion of mutation]
  6366 | D:6      | Lost mutation: You are strong-willed. (Will+) [potion of
                  | mutation]
  6366 | D:6      | Gained mutation: You are agile. (Dex +2) [potion of
                  | mutation]
  6506 | D:6      | Gained mutation: You have large cloven feet. [demonic
                  | ancestry]
  6506 | D:6      | Reached XP level 8. HP: 54/61 MP: 8/8
  6897 | D:6      | Found a shimmering altar of Xom.
  6915 | D:6      | Reached skill level 6 in Axes
  7348 | D:7      | Reached skill level 5 in Fighting
  7365 | D:7      | Reached skill level 5 in Armour
  8131 | D:7      | Reached skill level 7 in Axes
  8144 | D:7      | Reached XP level 9. HP: 54/68 MP: 9/9
  8448 | D:7      | Reached skill level 5 in Evocations
  8717 | D:7      | Found a staircase to the Ecumenical Temple.
  8922 | Temple   | Entered the Ecumenical Temple
  9065 | Temple   | Became a worshipper of Hepliaklqana the Forgotten
  9228 | D:8      | Noticed a two-headed ogre
  9233 | D:8      | Killed a two-headed ogre
  9234 | D:8      | Reached skill level 8 in Axes
 10586 | D:7      | Killed an unseen horror
 10587 | D:7      | Reached XP level 10. HP: 24/76 MP: 10/10
 11213 | D:8      | Reached * piety under Hepliaklqana
 11218 | D:8      | Reached skill level 5 in Shields
 11307 | D:9      | Found a staircase to the Lair.
 11603 | D:9      | Found a broken altar of Ashenzari.
 11618 | D:9      | Reached skill level 9 in Axes
 12894 | D:10     | Entered Level 10 of the Dungeon
 12940 | D:10     | Noticed a two-headed ogre
 12946 | D:10     | Killed a two-headed ogre
 12947 | D:10     | Gained mutation: You have hoof-like feet. [demonic
                  | ancestry]
 12947 | D:10     | Reached XP level 11. HP: 35/74 MP: 11/11
 13222 | D:10     | Found a staircase to the Orcish Mines.
 13238 | D:10     | Reached skill level 10 in Axes
 13411 | D:10     | Reached ** piety under Hepliaklqana
 13412 | D:10     | Remembered your ancestor Valentine as a hexer
 13446 | D:10     | Noticed Grum
 14682 | D:10     | Killed Grum
 15891 | D:11     | Reached *** piety under Hepliaklqana
 16581 | D:12     | Reached skill level 11 in Axes
 16816 | D:12     | Noticed a brown ugly thing
 16822 | D:12     | Killed a brown ugly thing
 17221 | D:12     | Noticed Frances
 17228 | D:12     | HP: 3/75 [Frances/+0 glaive (16)]
 17618 | D:12     | Mangled by Frances

Illustrated notes

Levels and vault maps discovered:
D:1:      dpeg_arrival_windows_large_door, layout_basic, minmay_hexomino_c4
D:2:      layout_rooms, minmay_small_reverse_x, uniq_sigmund, uniq_natasha,
          uniq_crazy_yiuf_cottage
D:3:      layout_basic, serial_rivers, chequers_serial_rivers_micro_c,
          chequers_serial_rivers_room_b, chequers_serial_rivers_large_a,
          chequers_serial_rivers_marsh, chequers_serial_rivers_large_b,
          serial_shops, shop, nicolae_figureground_pulse
D:4:      layout_basic, grunt_ministairs_14, nicolae_shop_clearance
D:5:      layout_basic
D:6:      layout_loops_ring, xom_teletrap_fun
D:7:      layout_loops_corners, minmay_temple_entry_glassed_door,
          grunt_ministairs_3
D:8:      layout_cave_pools
D:9:      layout_basic, old_standard_altar, erik_lair_orcish_takeover
D:10:     layout_loops_ring, david_orc_2, serial_co_window_serial,
          co_window_paths_a, co_window_corner_a, co_window_of_opportunity_a,
          co_window_paths_a, co_window_paths_b, co_window_paths_c,
          co_window_corner_ca, co_window_corner_b, co_window_corner_cb,
          co_window_unsneaky_path_e, co_window_corner_b, glass_columns_a,
          glass_columns_c, minivault_19, st_stairs_5, uniq_grum
D:11:     layout_irregular_city, nrook_guardian_serpent_double
D:12:     layout_basic, uniq_frances, uniq_fannar
Temple:   mainiacjoe_temple_big_plus

Skill      XL: |  1  2  3  4  5  6  7  8  9 10 11 |
---------------+----------------------------------+-----
Axes           | 2 3 4 5 7 8 9 11 | 11.2
Evocations     | 1 2 3 4 6 7 8 |  8.7
Armour         | 3 4 5 6 7 |  7.8
Shields        | 3 4 6 |  6.8
Fighting       | 4 5 6 7 |  7.6

Action                   |  1- 3 |  4- 6 |  7- 9 | 10-12 || total
-------------------------+-------+-------+-------+-------++-------
Melee: War axe           |   119 |   140 |   317 |   289 ||   865
       Kick              |       |       |    89 |   109 ||   198
Invok: Ancestor Identity |       |       |       |     1 ||     1
       Ancestor Life: He |       |       |       |     1 ||     1
Evoke: Wand              |       |       |    12 |    10 ||    22
  Use: Potion            |     1 |     1 |     6 |       ||     8
       Scroll            |       |     3 |     5 |     6 ||    14
 Stab: Paralysed         |       |       |    13 |     3 ||    16
       Confused          |       |       |       |     6 ||     6
       Distracted        |       |       |       |     3 ||     3
Armor: Scale mail        |    76 |    53 |   154 |   149 ||   432
Dodge: Dodged            |    57 |    87 |   173 |   185 ||   502
Block: Buckler           |    30 |    35 |    83 |       ||   148
       Kite shield       |       |       |    41 |   259 ||   300
